Harfangs vs Diables
(R1)
Created - October 28, 2018 at 22:40
Goals
|
| Harfangs |
2 |
0 |
0 |
2 |
| Diables |
1 |
3 |
1 |
5 |
|
Shots
|
| Harfangs |
9 |
13 |
6 |
28 |
| Diables |
5 |
14 |
7 |
26 |
|
1st period
1. Diables , Craig Smith 3 (Brandon Burlon 1) at 1:03 (SH)
2. Harfangs , Tomas Kubalik 3 (Brandon Saad 2) at 1:32 (PP)
3. Harfangs , Calle Jarnkrok 1 (Tomas Kubalik 3) at 17:35
Penalties :
Brandon Prust (Alm) for Interference (Minor) at 0:17, Brandon Saad (BEA) for Slashing (Minor) at 10:52, Cody Eakin (BEA) for Hooking (Minor) at 17:57
2nd period
4. Diables , Jordan Caron 3 (Brandon Burlon 2) at 2:57
5. Diables , Louis Leblanc 4 (Michal Repik 2) at 11:15
6. Diables , Craig Smith 4 (Tim Schaller 9) at 16:25 (PP)
Penalties :
Andreas Martinsen (BEA) for Roughing (Minor) at 12:49, Reid McNeill (BEA) for Holding (Minor) at 16:02, Jimmy Hayes (BEA) for Hooking (Minor) at 18:28
3rd period
7. Diables , Brandon Prust 5 (Brandon Burlon 3, Tim Schaller 10) at 0:52
Penalties :
Tomas Kubalik (BEA) for High sticking (Double Minor) at 2:15, Dylan Olsen (BEA) for Tripping (Minor) at 10:37, Pavel Valentenko (Alm) for Holding (Minor) at 16:53, Brandon Prust (Alm) for Interference (Minor) at 17:03
Goalie Stats
Anton Forsberg (BEA), 12 saves from 16 shots - (0.750), L, 3-3-0, 36:25 minutes
Zachary Fucale (BEA), 9 saves from 10 shots - (0.900), 23:35 minutes
Malcolm Subban (Alm), 26 saves from 28 shots - (0.929), W, 4-1-1, 60:00 minutes
Players Stats for Harfangs
Player Name G A P +/- PIM S H SB GA TA FO MP PP MP PK MP
------------------------------------------------------------------------------------
Andreas Martinsen 0 0 0 -1 2 2 3 2 0 1 1/3 21:35 1:36 5:00
Boone Jenner 0 0 0 0 0 0 0 0 0 0 3/3 11:19 0:00 2:05
Brandon Pirri 0 0 0 0 0 2 0 0 1 0 0/0 8:56 0:00 0:00
Brandon Saad 0 1 1 -2 2 3 3 0 0 1 1/2 14:57 1:48 0:52
Calle Jarnkrok 1 0 1 -2 0 4 1 1 2 1 12/20 13:34 1:48 0:00
Cody Eakin 0 0 0 -1 2 3 1 1 1 0 15/31 23:12 1:36 6:37
Dylan Olsen 0 0 0 -2 2 3 1 3 0 0 0/0 28:03 2:13 6:59
Jake Dotchin 0 0 0 -1 0 1 0 0 0 3 0/0 21:20 1:11 6:00
Jimmy Hayes 0 0 0 -1 2 3 4 4 0 0 1/2 23:09 1:36 6:10
Joel Armia 0 0 0 0 0 2 0 0 0 0 0/3 11:25 0:00 5:03
Jujhar Khaira 0 0 0 0 0 1 2 1 0 0 0/0 8:56 0:00 0:00
Laurent Dauphin 0 0 0 0 0 0 1 0 0 0 0/0 5:56 0:00 0:00
Morgan Klimchuk 0 0 0 0 0 0 0 0 0 0 0/0 6:36 0:00 0:40
Reid McNeill 0 0 0 -1 2 0 1 0 0 2 0/0 21:09 1:11 5:50
Rinat Valiev 0 0 0 0 0 0 0 1 0 0 0/0 10:49 0:00 1:28
Tomas Kubalik 1 1 2 -2 4 3 1 0 1 1 1/2 16:00 1:48 2:07
Victor Bartley 0 0 0 -2 0 1 1 2 1 2 0/0 28:29 2:13 8:17
Zac Leslie 0 0 0 0 0 0 2 0 0 0 0/0 10:11 0:00 0:00
Players Stats for Diables
Player Name G A P +/- PIM S H SB GA TA FO MP PP MP PK MP
------------------------------------------------------------------------------------
Andreas Johnsson 0 0 0 0 0 0 0 0 0 0 0/0 6:42 0:00 0:00
Brandon Burlon 0 3 3 4 0 5 2 1 0 0 0/0 26:16 8:53 2:07
Brandon Prust 1 0 1 1 4 4 1 0 1 0 2/2 22:15 7:49 0:09
Brian Dumoulin 0 0 0 0 0 1 1 3 1 1 0/0 20:59 5:24 1:17
Carl Gunnarsson 0 0 0 0 0 3 0 2 1 1 0/0 20:59 5:24 1:17
Christian Thomas 0 0 0 0 0 0 0 0 0 0 0/0 10:56 0:07 0:00
Cole Cassels 0 0 0 1 0 0 1 0 0 0 1/1 1:43 0:00 1:13
Connor Hurley 0 0 0 0 0 0 0 0 0 0 0/0 0:27 0:27 0:00
Craig Smith 2 0 2 2 0 5 1 1 2 0 1/4 24:19 7:53 2:01
Daniel Zaar 0 0 0 0 0 2 1 0 2 1 0/0 6:54 0:12 0:00
Elias Lindholm 0 0 0 0 0 0 0 0 0 0 1/3 6:42 0:00 0:00
Jamie Oleksiak 0 0 0 -1 0 0 2 0 0 0 0/0 8:21 0:00 0:00
Jordan Caron 1 0 1 1 0 2 0 0 1 0 1/1 16:25 6:00 0:00
Keith Seabrook 0 0 0 0 0 0 0 1 0 0 0/0 4:24 0:00 0:00
Louis Leblanc 1 0 1 0 0 2 1 0 0 0 1/5 11:17 0:00 0:30
Marc-André Bourdon 0 0 0 0 0 0 0 0 0 1 0/0 4:24 0:00 0:00
Mark Fraser 0 0 0 4 0 0 3 1 0 0 0/0 26:16 8:53 2:07
Matt Lindblad 0 0 0 0 0 0 0 0 0 0 0/0 0:42 0:35 0:00
Michal Repik 0 1 1 0 0 0 2 0 0 1 0/0 10:47 0:00 0:00
Nick Bjugstad 0 0 0 0 0 1 3 0 2 1 7/26 20:03 6:00 0:28
Pavel Valentenko 0 0 0 -1 2 0 1 1 0 0 0/0 8:29 0:00 0:09
Taylor Beck 0 0 0 1 0 0 1 0 0 0 0/0 16:25 6:00 0:00
Tim Schaller 0 2 2 2 0 1 0 0 1 0 18/24 18:59 7:48 0:28
3 Stars
1 - Brandon Burlon (Alm)
2 - Craig Smith (Alm)
3 - Tim Schaller (Alm)
Power Play
Harfangs - 1 on 3 Attempt(s) - 33.33%
Diables - 1 on 8 Attempt(s) - 12.50%
Penalty Kill
Harfangs - 7 on 8 Attempt(s) - 87.50%
- Score 0 goal in Penalty Kill
Diables - 2 on 3 Attempt(s) - 66.67%
- Score 1 goal in Penalty Kill
Team Stat
Harfangs - Hits : 21 - Faceoff Wins : 34 - Blocked Shots : 15 - Penalty Minutes : 16
Diables - Hits : 20 - Faceoff Wins : 32 - Blocked Shots : 10 - Penalty Minutes : 6
Official
Referees : Unknown
Linesman : Unknown
Game Notes
1:03 of 1st period - Diables goal is going for a video replay. After video review, Goal.
Zachary Fucale enters game at 16:25 of 2nd period
0:52 of 3rd period - Diables goal is going for a video replay. After video review, Goal.
Finance
Level 1 -- Attendance: 1602 (80.10%) -- Ticket Income $64,080
Level 2 -- Attendance: 706 (70.60%) -- Ticket Income $14,120
Total Attendance: 2308 (76.93%)
Total Ticket Income: $78,200
Other Income: $3,910
Total Income: $82,110
Harfangs
5 vs 5 Forward
Center Left Wing Right Wing Time % Phy DF OF
1 Cody Eakin Andreas Martinsen Jimmy Hayes 40 1 2 2
2 Calle Jarnkrok Brandon Saad Tomas Kubalik 30 1 2 2
3 Boone Jenner Jujhar Khaira Brandon Pirri 20 1 2 2
4 Laurent Dauphin Morgan Klimchuk Joel Armia 10 1 2 2
5 vs 5 Defense
Defense Defense Time % Phy DF OF
1 Victor Bartley Dylan Olsen 40 1 2 2
2 Reid McNeill Jake Dotchin 30 1 2 2
3 Zac Leslie Rinat Valiev 20 1 2 2
4 Victor Bartley Dylan Olsen 10 1 2 2
PowerPlay Forward
Center Left Wing Right Wing Time % Phy DF OF
1 Cody Eakin Andreas Martinsen Jimmy Hayes 60 1 2 2
2 Calle Jarnkrok Brandon Saad Tomas Kubalik 40 1 2 2
PowerPlay Defense
Defense Defense Time % Phy DF OF
1 Victor Bartley Dylan Olsen 60 1 2 2
2 Reid McNeill Jake Dotchin 40 1 2 2
Penalty Kill 4 Players Forward
Center Wing Time % Phy DF OF
1 Cody Eakin Jimmy Hayes 60 1 2 2
2 Tomas Kubalik Andreas Martinsen 40 1 2 2
Penalty Kill 4 Players Defense
Defense Defense Time % Phy DF OF
1 Victor Bartley Dylan Olsen 60 1 2 2
2 Reid McNeill Jake Dotchin 40 1 2 2
Penalty Kill - 3 Players Forward
Forward Time % Phy DF OF
1 Cody Eakin 60 1 2 2
2 Jimmy Hayes 40 1 2 2
Penalty Kill - 3 Players Defense
Defense Defense Time % Phy DF OF
1 Victor Bartley Dylan Olsen 60 1 2 2
2 Reid McNeill Jake Dotchin 40 1 2 2
4 vs 4 Forward
Center Wing Time % Phy DF OF
1 Cody Eakin Jimmy Hayes 60 1 2 2
2 Tomas Kubalik Andreas Martinsen 40 1 2 2
4 vs 4 Defense
Defense Defense Time % Phy DF OF
1 Victor Bartley Dylan Olsen 60 1 2 2
2 Reid McNeill Jake Dotchin 40 1 2 2
Last Minutes Offensive
Center Left Wing Right Wing Defense Defense
Cody Eakin Andreas Martinsen Jimmy Hayes Victor Bartley Dylan Olsen
Last Minutes Defensive
Center Left Wing Right Wing Defense Defense
Cody Eakin Andreas Martinsen Jimmy Hayes Victor Bartley Dylan Olsen
Goaltenders
Starting : Anton Forsberg
Backup : Zachary Fucale
Extra Forwards
Normal : Brandon Pirri, Boone Jenner, Joel Armia - PP : Brandon Pirri, Boone Jenner - PK : Joel Armia
Extra Defensemen
Normal : Zac Leslie, Rinat Valiev, Reid McNeill - PP : Zac Leslie - PK : Rinat Valiev, Reid McNeill
Penalty Shots
Cody Eakin, Jimmy Hayes, Tomas Kubalik, Andreas Martinsen, Calle Jarnkrok
Scratches
Colton Sissons (Healthy), Cristoval Nieves (Healthy), Brenden Kichton (Healthy), John Macfarland (Healthy), Blake Heinrich (Healthy)
Nick Sorensen (Healthy), Mark Alt (Healthy), Brendan Leipsic (Healthy), Steve McCarthy (Healthy), Dustin Jeffrey (Healthy)
Jason Kasdorf (Healthy), Mark Visentin (Healthy), Scott Wedgewood (Healthy)
Diables
5 vs 5 Forward
Center Left Wing Right Wing Time % Phy DF OF
1 Nick Bjugstad Brandon Prust Craig Smith 40 1 2 2
2 Tim Schaller Taylor Beck Jordan Caron 30 1 2 2
3 Louis Leblanc Christian Thomas Michal Repik 20 1 2 2
4 Elias Lindholm Andreas Johnsson Daniel Zaar 10 1 2 2
5 vs 5 Defense
Defense Defense Time % Phy DF OF
1 Brandon Burlon Mark Fraser 40 1 2 2
2 Carl Gunnarsson Brian Dumoulin 30 1 2 2
3 Pavel Valentenko Jamie Oleksiak 20 1 2 2
4 Keith Seabrook Marc-André Bourdon 10 1 2 2
PowerPlay Forward
Center Left Wing Right Wing Time % Phy DF OF
1 Tim Schaller Brandon Prust Craig Smith 60 1 2 2
2 Nick Bjugstad Taylor Beck Jordan Caron 40 1 2 2
PowerPlay Defense
Defense Defense Time % Phy DF OF
1 Brandon Burlon Mark Fraser 60 1 2 2
2 Carl Gunnarsson Brian Dumoulin 40 1 2 2
Penalty Kill 4 Players Forward
Center Wing Time % Phy DF OF
1 Craig Smith Brandon Prust 60 1 2 2
2 Tim Schaller Nick Bjugstad 40 1 2 2
Penalty Kill 4 Players Defense
Defense Defense Time % Phy DF OF
1 Brandon Burlon Mark Fraser 60 1 2 2
2 Carl Gunnarsson Brian Dumoulin 40 1 2 2
Penalty Kill - 3 Players Forward
Forward Time % Phy DF OF
1 Craig Smith 60 1 2 2
2 Brandon Prust 40 1 2 2
Penalty Kill - 3 Players Defense
Defense Defense Time % Phy DF OF
1 Brandon Burlon Mark Fraser 60 1 2 2
2 Carl Gunnarsson Brian Dumoulin 40 1 2 2
4 vs 4 Forward
Center Wing Time % Phy DF OF
1 Craig Smith Brandon Prust 60 1 2 2
2 Tim Schaller Nick Bjugstad 40 1 2 2
4 vs 4 Defense
Defense Defense Time % Phy DF OF
1 Brandon Burlon Mark Fraser 60 1 2 2
2 Carl Gunnarsson Brian Dumoulin 40 1 2 2
Last Minutes Offensive
Center Left Wing Right Wing Defense Defense
Tim Schaller Brandon Prust Craig Smith Brandon Burlon Mark Fraser
Last Minutes Defensive
Center Left Wing Right Wing Defense Defense
Tim Schaller Brandon Prust Craig Smith Brandon Burlon Mark Fraser
Goaltenders
Starting : Malcolm Subban
Backup : Garret Sparks
Extra Forwards
Normal : Matt Lindblad, Connor Hurley, Cole Cassels - PP : Matt Lindblad, Connor Hurley - PK : Cole Cassels
Extra Defensemen
Normal : Pavel Valentenko, Jamie Oleksiak, Keith Seabrook - PP : Pavel Valentenko - PK : Jamie Oleksiak, Keith Seabrook
Penalty Shots
Craig Smith, Brandon Prust, Tim Schaller, Nick Bjugstad, Jordan Caron
Scratches
Stephen Harper (Healthy), Emil Djuse (Healthy), Gemel Smith (Healthy), Jeremy Gregoire (Healthy), Scott Harrington (Healthy)
Gustav Olofsson (Healthy), Brett Ritchie (Healthy), Chris Bigras (Healthy), Andrew O'Brien (Healthy), Linus Ullmark (Healthy)
Jack Campbell (Healthy)
% Time on Ice - Harfangs
Lines # - Real PCT - Wanted PCT - Time Play
Normal Forward
1 - 37% - 40% - 15:41
2 - 28% - 30% - 11:46
3 - 21% - 20% - 8:56
4 - 14% - 10% - 5:56
Normal Defense
1 - 40% - 40% - 16:51
2 - 33% - 30% - 14:09
3 - 22% - 20% - 9:18
4 - 5% - 10% - 2:01
PP Forward
1 - 47% - 60% - 1:36
2 - 53% - 40% - 1:48
PP Defense
1 - 65% - 60% - 2:13
2 - 35% - 40% - 1:11
PK Forward
1 - 70% - 60% - 9:56
2 - 30% - 40% - 4:21
PK Defense
1 - 59% - 60% - 8:27
2 - 41% - 40% - 5:50
PK3 Forward
1 - 0% - 60%
2 - 0% - 40%
PK3 Defense
1 - 0% - 60%
2 - 0% - 40%
44 Forward
1 - 0% - 60%
2 - 0% - 40%
44 Defense
1 - 0% - 60%
2 - 0% - 40%
Last Minute Offensive - 0:00
Last Minute Defensive - 0:00
Total
Forward - 60:00
Defense - 60:00
|
% Time on Ice - Diables
Lines # - Real PCT - Wanted PCT - Time Play
Normal Forward
1 - 34% - 40% - 14:25
2 - 25% - 30% - 10:25
3 - 25% - 20% - 10:47
4 - 16% - 10% - 6:42
Normal Defense
1 - 36% - 40% - 15:16
2 - 34% - 30% - 14:18
3 - 20% - 20% - 8:21
4 - 10% - 10% - 4:24
PP Forward
1 - 58% - 60% - 8:17
2 - 42% - 40% - 6:00
PP Defense
1 - 62% - 60% - 8:53
2 - 38% - 40% - 5:24
PK Forward
1 - 71% - 60% - 1:07
2 - 29% - 40% - 0:28
PK Defense
1 - 59% - 60% - 0:56
2 - 41% - 40% - 0:39
PK3 Forward
1 - 69% - 60% - 1:15
2 - 31% - 40% - 0:34
PK3 Defense
1 - 65% - 60% - 1:11
2 - 35% - 40% - 0:38
44 Forward
1 - 0% - 60%
2 - 0% - 40%
44 Defense
1 - 0% - 60%
2 - 0% - 40%
Last Minute Offensive - 0:00
Last Minute Defensive - 0:00
Total
Forward - 60:00
Defense - 60:00
|
Play by Play
1st period
0:01 of 1st period - Cody Eakin wins face-off versus Nick Bjugstad in neutral zone.
0:17 of 1st period - Minor Penalty to Brandon Prust for Interference.
0:18 of 1st period - Cole Cassels wins face-off versus Cody Eakin in Diables zone.
0:28 of 1st period - Wrist shot by Cody Eakin.
0:28 of 1st period - Stopped by Malcolm Subban without a rebound.
0:29 of 1st period - Calle Jarnkrok wins face-off versus Craig Smith in Diables zone.
0:56 of 1st period - Tomas Kubalik is hit by Cole Cassels and loses puck.
1:01 of 1st period - Slapshot by Brandon Burlon.
1:01 of 1st period - Stopped by Anton Forsberg with a rebound.
1:03 of 1st period - Wrist shot by Craig Smith.
1:03 of 1st period - Diables goal is going for a video replay.
1:03 of 1st period - The goal is good.
1:03 of 1st period - Goal by Craig Smith - Harfangs : 0 - Diables : 1.
1:04 of 1st period - Tim Schaller wins face-off versus Cody Eakin in neutral zone.
1:06 of 1st period - Off-side.
1:07 of 1st period - Cody Eakin wins face-off versus Tim Schaller in neutral zone.
1:32 of 1st period - Backhand shot by Tomas Kubalik.
1:32 of 1st period - Goal by Tomas Kubalik - Harfangs : 1 - Diables : 1.
1:33 of 1st period - Tim Schaller wins face-off versus Calle Jarnkrok in neutral zone.
2:52 of 1st period - Slapshot by Joel Armia.
2:52 of 1st period - Stopped by Malcolm Subban without a rebound.
2:53 of 1st period - Calle Jarnkrok wins face-off versus Nick Bjugstad in Diables zone.
2:54 of 1st period - Slapshot by Tomas Kubalik.
2:54 of 1st period - Shot Misses the Net.
3:30 of 1st period - Slapshot by Brandon Burlon.
3:30 of 1st period - Stopped by Anton Forsberg without a rebound.
3:31 of 1st period - Elias Lindholm wins face-off versus Cody Eakin in Harfangs zone.
3:46 of 1st period - Snap shot by Jimmy Hayes.
3:46 of 1st period - Shot Misses the Net.
3:56 of 1st period - Jake Dotchin is hit by Jamie Oleksiak and loses puck.
4:03 of 1st period - Snap shot by Brandon Prust.
4:03 of 1st period - Shot Misses the Net.
4:17 of 1st period - Snap shot by Brandon Pirri.
4:17 of 1st period - Stopped by Malcolm Subban with a rebound.
4:42 of 1st period - Victor Bartley is hit by Brandon Burlon and loses puck.
5:58 of 1st period - Off-side.
5:59 of 1st period - Jimmy Hayes wins face-off versus Tim Schaller in neutral zone.
6:12 of 1st period - Snap shot by Cody Eakin.
6:12 of 1st period - Deflect By Tim Schaller.
6:12 of 1st period - Shot Misses the Net.
6:12 of 1st period - Puck is out of play.
6:13 of 1st period - Louis Leblanc wins face-off versus Cody Eakin in Diables zone.
6:39 of 1st period - Keith Seabrook is hit by Tomas Kubalik and loses puck.
7:12 of 1st period - Wrist shot by Daniel Zaar.
7:12 of 1st period - Shot Misses the Net.
7:14 of 1st period - Snap shot by Daniel Zaar.
7:14 of 1st period - Shot Misses the Net.
7:16 of 1st period - Slapshot by Pavel Valentenko.
7:16 of 1st period - Shot Blocked by Calle Jarnkrok.
7:49 of 1st period - Wrist shot by Jimmy Hayes.
7:49 of 1st period - Stopped by Malcolm Subban without a rebound.
7:50 of 1st period - Andreas Martinsen wins face-off versus Louis Leblanc in Diables zone.
8:29 of 1st period - Snap shot by Michal Repik.
8:29 of 1st period - Shot Misses the Net.
8:31 of 1st period - Snap shot by Brandon Burlon.
8:31 of 1st period - Shot Blocked by Jimmy Hayes.
8:33 of 1st period - Snap shot by Louis Leblanc.
8:33 of 1st period - Shot Misses the Net.
8:49 of 1st period - Wrist shot by Michal Repik.
8:49 of 1st period - Shot Blocked by Jimmy Hayes.
9:05 of 1st period - Snap shot by Andreas Martinsen.
9:05 of 1st period - Shot Misses the Net.
9:07 of 1st period - Snap shot by Andreas Martinsen.
9:07 of 1st period - Shot Blocked by Keith Seabrook.
9:23 of 1st period - Slapshot by Jimmy Hayes.
9:23 of 1st period - Shot Misses the Net.
9:29 of 1st period - Snap shot by Jimmy Hayes.
9:29 of 1st period - Stopped by Malcolm Subban with a rebound.
9:35 of 1st period - Snap shot by Cody Eakin.
9:35 of 1st period - Stopped by Malcolm Subban without a rebound.
9:36 of 1st period - Calle Jarnkrok wins face-off versus Nick Bjugstad in Diables zone.
10:14 of 1st period - Slapshot by Joel Armia.
10:14 of 1st period - Shot Misses the Net.
10:48 of 1st period - Snap shot by Brandon Prust.
10:48 of 1st period - Deflect By Nick Bjugstad.
10:48 of 1st period - Shot Misses the Net.
10:48 of 1st period - Puck is out of play.
10:49 of 1st period - Calle Jarnkrok wins face-off versus Nick Bjugstad in Harfangs zone.
10:49 of 1st period - Calle Jarnkrok is hit by Craig Smith.
10:52 of 1st period - Minor Penalty to Brandon Saad for Slashing.
10:53 of 1st period - Cody Eakin wins face-off versus Tim Schaller in Harfangs zone.
11:03 of 1st period - Snap shot by Tim Schaller.
11:03 of 1st period - Stopped by Anton Forsberg with a rebound.
11:09 of 1st period - Wrist shot by Brandon Prust.
11:09 of 1st period - Shot Blocked by Dylan Olsen.
11:19 of 1st period - Carl Gunnarsson is hit by Andreas Martinsen and loses puck.
12:18 of 1st period - Tim Schaller is hit by Andreas Martinsen.
12:52 of 1st period - Penalty to Brandon Saad is over, Brandon Saad is back on ice.
12:55 of 1st period - Taylor Beck is hit by Jimmy Hayes.
13:17 of 1st period - Wrist shot by Brandon Saad.
13:17 of 1st period - Shot Blocked by Carl Gunnarsson.
14:16 of 1st period - Daniel Zaar is hit by Laurent Dauphin and loses puck.
14:35 of 1st period - Jake Dotchin is hit by Pavel Valentenko and loses puck.
15:15 of 1st period - Brandon Prust is hit by Jujhar Khaira and loses puck.
15:24 of 1st period - Zac Leslie is hit by Brian Dumoulin and loses puck.
15:53 of 1st period - Dylan Olsen is hit by Daniel Zaar and loses puck.
16:08 of 1st period - Mark Fraser is hit by Dylan Olsen and loses puck.
17:31 of 1st period - Icing by Michal Repik.
17:32 of 1st period - Calle Jarnkrok wins face-off versus Louis Leblanc in Diables zone.
17:35 of 1st period - Snap shot by Calle Jarnkrok.
17:35 of 1st period - Goal by Calle Jarnkrok - Harfangs : 2 - Diables : 1.
17:36 of 1st period - Cody Eakin wins face-off versus Nick Bjugstad in neutral zone.
17:39 of 1st period - Brandon Prust is hit by Jimmy Hayes and loses puck.
17:57 of 1st period - Minor Penalty to Cody Eakin for Hooking.
17:58 of 1st period - Tim Schaller wins face-off versus Joel Armia in Harfangs zone.
18:06 of 1st period - Icing by Craig Smith.
18:07 of 1st period - Tim Schaller wins face-off versus Joel Armia in Diables zone.
18:15 of 1st period - Slapshot by Joel Armia.
18:15 of 1st period - Shot Blocked by Brandon Burlon.
18:17 of 1st period - Slapshot by Jake Dotchin.
18:17 of 1st period - Stopped by Malcolm Subban with a rebound.
18:19 of 1st period - Snap shot by Joel Armia.
18:19 of 1st period - Shot Hit the Post.
18:27 of 1st period - Slapshot by Brandon Burlon.
18:27 of 1st period - Stopped by Anton Forsberg without a rebound.
18:28 of 1st period - Boone Jenner wins face-off versus Nick Bjugstad in Harfangs zone.
18:37 of 1st period - Dylan Olsen is hit by Nick Bjugstad and loses puck.
19:57 of 1st period - Penalty to Cody Eakin is over, Cody Eakin is back on ice.
Goals for this period are 2 for Harfangs vs 1 for Diables.
Shots for this period are 9 for Harfangs vs 5 for Diables.
2nd period
0:01 of 2nd period - Cody Eakin wins face-off versus Nick Bjugstad in neutral zone.
0:06 of 2nd period - Mark Fraser is hit by Jimmy Hayes and loses puck.
0:25 of 2nd period - Brandon Saad is hit by Taylor Beck and loses puck.
0:32 of 2nd period - Slapshot by Dylan Olsen.
0:32 of 2nd period - Deflect By Calle Jarnkrok.
0:32 of 2nd period - Shot Misses the Net.
0:32 of 2nd period - Puck is out of play.
0:33 of 2nd period - Tim Schaller wins face-off versus Cody Eakin in Diables zone.
0:42 of 2nd period - Wrist shot by Jordan Caron.
0:42 of 2nd period - Stopped by Anton Forsberg without a rebound.
0:43 of 2nd period - Tim Schaller wins face-off versus Andreas Martinsen in Harfangs zone.
1:03 of 2nd period - Off-side.
1:04 of 2nd period - Calle Jarnkrok wins face-off versus Nick Bjugstad in neutral zone.
1:07 of 2nd period - Wrist shot by Brandon Saad.
1:07 of 2nd period - Stopped by Malcolm Subban with a rebound.
1:57 of 2nd period - Snap shot by Boone Jenner.
1:57 of 2nd period - Shot Blocked by Brian Dumoulin.
1:59 of 2nd period - Snap shot by Reid McNeill.
1:59 of 2nd period - Deflect By Boone Jenner.
1:59 of 2nd period - Shot Misses the Net.
1:59 of 2nd period - Puck is out of play.
2:00 of 2nd period - Nick Bjugstad wins face-off versus Calle Jarnkrok in Diables zone.
2:09 of 2nd period - Wrist shot by Brandon Saad.
2:09 of 2nd period - Stopped by Malcolm Subban without a rebound.
2:10 of 2nd period - Brandon Saad wins face-off versus Nick Bjugstad in Diables zone.
2:23 of 2nd period - Wrist shot by Calle Jarnkrok.
2:23 of 2nd period - Stopped by Malcolm Subban without a rebound.
2:24 of 2nd period - Cody Eakin wins face-off versus Nick Bjugstad in Diables zone.
2:37 of 2nd period - Snap shot by Cody Eakin.
2:37 of 2nd period - Stopped by Malcolm Subban without a rebound.
2:38 of 2nd period - Tim Schaller wins face-off versus Calle Jarnkrok in Diables zone.
2:45 of 2nd period - Snap shot by Tomas Kubalik.
2:45 of 2nd period - Stopped by Malcolm Subban without a rebound.
2:46 of 2nd period - Tim Schaller wins face-off versus Calle Jarnkrok in Diables zone.
2:57 of 2nd period - Slapshot by Jordan Caron.
2:57 of 2nd period - Goal by Jordan Caron - Harfangs : 2 - Diables : 2.
2:58 of 2nd period - Cody Eakin wins face-off versus Nick Bjugstad in neutral zone.
3:03 of 2nd period - Snap shot by Cody Eakin.
3:03 of 2nd period - Shot Blocked by Carl Gunnarsson.
3:05 of 2nd period - Wrist shot by Jimmy Hayes.
3:05 of 2nd period - Shot Blocked by Brian Dumoulin.
3:07 of 2nd period - Slapshot by Andreas Martinsen.
3:07 of 2nd period - Stopped by Malcolm Subban without a rebound.
3:08 of 2nd period - Nick Bjugstad wins face-off versus Cody Eakin in Diables zone.
3:19 of 2nd period - Slapshot by Brandon Prust.
3:19 of 2nd period - Shot Misses the Net.
3:27 of 2nd period - Wrist shot by Jimmy Hayes.
3:27 of 2nd period - Shot Misses the Net.
3:29 of 2nd period - Slapshot by Victor Bartley.
3:29 of 2nd period - Shot Hit the Post.
3:31 of 2nd period - Slapshot by Dylan Olsen.
3:31 of 2nd period - Shot Misses the Net.
3:33 of 2nd period - Wrist shot by Victor Bartley.
3:33 of 2nd period - Stopped by Malcolm Subban with a rebound.
3:35 of 2nd period - Wrist shot by Victor Bartley.
3:35 of 2nd period - Deflect By Jimmy Hayes.
3:35 of 2nd period - Shot Misses the Net.
3:35 of 2nd period - Puck is out of play.
3:36 of 2nd period - Tim Schaller wins face-off versus Calle Jarnkrok in Diables zone.
3:36 of 2nd period - Tim Schaller is hit by Calle Jarnkrok.
4:09 of 2nd period - Wrist shot by Joel Armia.
4:09 of 2nd period - Stopped by Malcolm Subban with a rebound.
4:11 of 2nd period - Wrist shot by Morgan Klimchuk.
4:11 of 2nd period - Shot Misses the Net.
5:12 of 2nd period - Off-side.
5:13 of 2nd period - Nick Bjugstad wins face-off versus Cody Eakin in neutral zone.
6:07 of 2nd period - Backhand shot by Joel Armia.
6:07 of 2nd period - Shot Blocked by Brian Dumoulin.
6:41 of 2nd period - Wrist shot by Louis Leblanc.
6:41 of 2nd period - Stopped by Anton Forsberg with a rebound.
6:43 of 2nd period - Slapshot by Carl Gunnarsson.
6:43 of 2nd period - Deflect By Victor Bartley.
6:43 of 2nd period - Stopped by Anton Forsberg with a rebound.
6:45 of 2nd period - Slapshot by Carl Gunnarsson.
6:45 of 2nd period - Shot Misses the Net.
6:47 of 2nd period - Snap shot by Carl Gunnarsson.
6:47 of 2nd period - Deflect By Michal Repik.
6:47 of 2nd period - Shot Misses the Net.
6:47 of 2nd period - Puck is out of play.
6:48 of 2nd period - Brandon Prust wins face-off versus Jimmy Hayes in Harfangs zone.
6:59 of 2nd period - Snap shot by Jimmy Hayes.
6:59 of 2nd period - Stopped by Malcolm Subban without a rebound.
7:00 of 2nd period - Nick Bjugstad wins face-off versus Cody Eakin in Diables zone.
7:05 of 2nd period - Snap shot by Mark Fraser.
7:05 of 2nd period - Shot Blocked by Andreas Martinsen.
7:07 of 2nd period - Snap shot by Craig Smith.
7:07 of 2nd period - Stopped by Anton Forsberg without a rebound.
7:08 of 2nd period - Nick Bjugstad wins face-off versus Cody Eakin in Harfangs zone.
7:23 of 2nd period - Snap shot by Craig Smith.
7:23 of 2nd period - Shot Misses the Net.
7:44 of 2nd period - Slapshot by Brandon Prust.
7:44 of 2nd period - Shot Blocked by Jimmy Hayes.
7:46 of 2nd period - Snap shot by Brandon Prust.
7:46 of 2nd period - Shot Misses the Net.
8:45 of 2nd period - Snap shot by Craig Smith.
8:45 of 2nd period - Deflect By Brandon Prust.
8:45 of 2nd period - Stopped by Anton Forsberg without a rebound.
8:46 of 2nd period - Tim Schaller wins face-off versus Calle Jarnkrok in Harfangs zone.
9:40 of 2nd period - Snap shot by Louis Leblanc.
9:40 of 2nd period - Shot Blocked by Victor Bartley.
10:31 of 2nd period - Icing by Brandon Pirri.
10:32 of 2nd period - Boone Jenner wins face-off versus Elias Lindholm in Harfangs zone.
10:53 of 2nd period - Wrist shot by Laurent Dauphin.
10:53 of 2nd period - Shot Misses the Net.
11:15 of 2nd period - Wrist shot by Louis Leblanc.
11:15 of 2nd period - Goal by Louis Leblanc - Harfangs : 2 - Diables : 3.
11:16 of 2nd period - Brandon Prust wins face-off versus Calle Jarnkrok in neutral zone.
11:22 of 2nd period - Off-side.
11:23 of 2nd period - Calle Jarnkrok wins face-off versus Nick Bjugstad in neutral zone.
12:21 of 2nd period - Slapshot by Dylan Olsen.
12:21 of 2nd period - Shot Misses the Net.
12:23 of 2nd period - Wrist shot by Brandon Saad.
12:23 of 2nd period - Shot Misses the Net.
12:25 of 2nd period - Slapshot by Dylan Olsen.
12:25 of 2nd period - Shot Blocked by Mark Fraser.
12:27 of 2nd period - Wrist shot by Tomas Kubalik.
12:27 of 2nd period - Deflect By Calle Jarnkrok.
12:27 of 2nd period - Shot Misses the Net.
12:27 of 2nd period - Puck is out of play.
12:28 of 2nd period - Cody Eakin wins face-off versus Nick Bjugstad in Diables zone.
12:29 of 2nd period - Slapshot by Andreas Martinsen.
12:29 of 2nd period - Shot Misses the Net.
12:49 of 2nd period - Minor Penalty to Andreas Martinsen for Roughing.
12:50 of 2nd period - Cody Eakin wins face-off versus Tim Schaller in Harfangs zone.
13:11 of 2nd period - Victor Bartley is hit by Mark Fraser and loses puck.
13:23 of 2nd period - Wrist shot by Tim Schaller.
13:23 of 2nd period - Shot Misses the Net.
13:25 of 2nd period - Slapshot by Brandon Burlon.
13:25 of 2nd period - Stopped by Anton Forsberg without a rebound.
13:26 of 2nd period - Tomas Kubalik wins face-off versus Nick Bjugstad in Harfangs zone.
14:49 of 2nd period - Penalty to Andreas Martinsen is over, Andreas Martinsen is back on ice.
15:00 of 2nd period - Snap shot by Daniel Zaar.
15:00 of 2nd period - Stopped by Anton Forsberg with a rebound.
15:02 of 2nd period - Slapshot by Daniel Zaar.
15:02 of 2nd period - Deflect By Jake Dotchin.
15:02 of 2nd period - Stopped by Anton Forsberg without a rebound.
15:03 of 2nd period - Boone Jenner wins face-off versus Elias Lindholm in Harfangs zone.
15:03 of 2nd period - Boone Jenner is hit by Jamie Oleksiak.
15:11 of 2nd period - Snap shot by Jujhar Khaira.
15:11 of 2nd period - Deflect By Daniel Zaar.
15:11 of 2nd period - Stopped by Malcolm Subban with a rebound.
15:13 of 2nd period - Slapshot by Zac Leslie.
15:13 of 2nd period - Deflect By Jujhar Khaira.
15:13 of 2nd period - Shot Misses the Net.
15:13 of 2nd period - Puck is out of play.
15:14 of 2nd period - Calle Jarnkrok wins face-off versus Louis Leblanc in Diables zone.
15:49 of 2nd period - Wrist shot by Brandon Pirri.
15:49 of 2nd period - Stopped by Malcolm Subban with a rebound.
15:51 of 2nd period - Snap shot by Jujhar Khaira.
15:51 of 2nd period - Shot Misses the Net.
16:02 of 2nd period - Minor Penalty to Reid McNeill for Holding.
16:03 of 2nd period - Tim Schaller wins face-off versus Cody Eakin in Harfangs zone.
16:09 of 2nd period - Snap shot by Craig Smith.
16:09 of 2nd period - Deflect By Victor Bartley.
16:09 of 2nd period - Shot Blocked by Dylan Olsen.
16:09 of 2nd period - Puck is out of play.
16:10 of 2nd period - Tim Schaller wins face-off versus Cody Eakin in Harfangs zone.
16:25 of 2nd period - Snap shot by Craig Smith.
16:25 of 2nd period - Goal by Craig Smith - Harfangs : 2 - Diables : 4.
16:25 of 2nd period - Zachary Fucale enters game.
16:26 of 2nd period - Nick Bjugstad wins face-off versus Andreas Martinsen in neutral zone.
16:29 of 2nd period - Slapshot by Craig Smith.
16:29 of 2nd period - Stopped by Zachary Fucale with a rebound.
16:31 of 2nd period - Snap shot by Craig Smith.
16:31 of 2nd period - Stopped by Zachary Fucale with a rebound.
16:33 of 2nd period - Slapshot by Mark Fraser.
16:33 of 2nd period - Shot Blocked by Dylan Olsen.
16:35 of 2nd period - Snap shot by Craig Smith.
16:35 of 2nd period - Shot Blocked by Victor Bartley.
16:37 of 2nd period - Snap shot by Brandon Prust.
16:37 of 2nd period - Stopped by Zachary Fucale without a rebound.
16:38 of 2nd period - Cody Eakin wins face-off versus Nick Bjugstad in Harfangs zone.
16:45 of 2nd period - Snap shot by Victor Bartley.
16:45 of 2nd period - Shot Misses the Net.
16:47 of 2nd period - Slapshot by Dylan Olsen.
16:47 of 2nd period - Stopped by Malcolm Subban with a rebound.
17:05 of 2nd period - Tim Schaller is hit by Jujhar Khaira.
17:27 of 2nd period - Slapshot by Brandon Saad.
17:27 of 2nd period - Stopped by Malcolm Subban with a rebound.
17:37 of 2nd period - Snap shot by Michal Repik.
17:37 of 2nd period - Shot Misses the Net.
18:28 of 2nd period - Minor Penalty to Jimmy Hayes for Hooking.
18:29 of 2nd period - Tim Schaller wins face-off versus Cody Eakin in Harfangs zone.
18:56 of 2nd period - Andreas Martinsen is hit by Nick Bjugstad and loses puck.
Goals for this period are 0 for Harfangs vs 3 for Diables.
Shots for this period are 13 for Harfangs vs 14 for Diables.
3rd period
0:01 of 3rd period - Tim Schaller wins face-off versus Cody Eakin in neutral zone.
0:28 of 3rd period - Penalty to Jimmy Hayes is over, Jimmy Hayes is back on ice.
0:30 of 3rd period - Snap shot by Tim Schaller.
0:30 of 3rd period - Shot Blocked by Cody Eakin.
0:32 of 3rd period - Snap shot by Brandon Prust.
0:32 of 3rd period - Stopped by Zachary Fucale with a rebound.
0:48 of 3rd period - Wrist shot by Tim Schaller.
0:48 of 3rd period - Shot Misses the Net.
0:50 of 3rd period - Slapshot by Brandon Burlon.
0:50 of 3rd period - Stopped by Zachary Fucale with a rebound.
0:52 of 3rd period - Wrist shot by Brandon Prust.
0:52 of 3rd period - Diables goal is going for a video replay.
0:52 of 3rd period - The goal is good.
0:52 of 3rd period - Goal by Brandon Prust - Harfangs : 2 - Diables : 5.
0:53 of 3rd period - Calle Jarnkrok wins face-off versus Louis Leblanc in neutral zone.
1:02 of 3rd period - Calle Jarnkrok is hit by Michal Repik and loses puck.
1:07 of 3rd period - Snap shot by Michal Repik.
1:07 of 3rd period - Shot Misses the Net.
1:09 of 3rd period - Slapshot by Brian Dumoulin.
1:09 of 3rd period - Stopped by Zachary Fucale with a rebound.
1:39 of 3rd period - Brian Dumoulin is hit by Jimmy Hayes.
1:43 of 3rd period - Backhand shot by Carl Gunnarsson.
1:43 of 3rd period - Stopped by Zachary Fucale with a rebound.
1:57 of 3rd period - Icing by Carl Gunnarsson.
1:58 of 3rd period - Tim Schaller wins face-off versus Calle Jarnkrok in Diables zone.
1:58 of 3rd period - Tim Schaller is hit by Brandon Saad.
2:15 of 3rd period - Double Minor Penalty to Tomas Kubalik for High sticking.
2:16 of 3rd period - Cody Eakin wins face-off versus Tim Schaller in Harfangs zone.
3:11 of 3rd period - Icing by Tim Schaller.
3:12 of 3rd period - Tim Schaller wins face-off versus Joel Armia in Diables zone.
3:25 of 3rd period - Wrist shot by Andreas Martinsen.
3:25 of 3rd period - Stopped by Malcolm Subban without a rebound.
3:26 of 3rd period - Cody Eakin wins face-off versus Tim Schaller in Diables zone.
4:17 of 3rd period - Snap shot by Cody Eakin.
4:17 of 3rd period - Shot Misses the Net.
6:15 of 3rd period - Penalty to Tomas Kubalik is over, Tomas Kubalik is back on ice.
6:28 of 3rd period - Dylan Olsen is hit by Mark Fraser.
7:44 of 3rd period - Brian Dumoulin is hit by Andreas Martinsen and loses puck.
8:05 of 3rd period - Jamie Oleksiak is hit by Reid McNeill and loses puck.
8:34 of 3rd period - Snap shot by Michal Repik.
8:34 of 3rd period - Shot Blocked by Andreas Martinsen.
9:11 of 3rd period - Jujhar Khaira is hit by Louis Leblanc and loses puck.
9:24 of 3rd period - Snap shot by Tim Schaller.
9:24 of 3rd period - Deflect By Jordan Caron.
9:24 of 3rd period - Shot Blocked by Jujhar Khaira.
9:24 of 3rd period - Puck is out of play.
9:25 of 3rd period - Tim Schaller wins face-off versus Brandon Saad in Harfangs zone.
9:30 of 3rd period - Snap shot by Tim Schaller.
9:30 of 3rd period - Shot Misses the Net.
9:50 of 3rd period - Cody Eakin is hit by Nick Bjugstad and loses puck.
9:57 of 3rd period - Snap shot by Nick Bjugstad.
9:57 of 3rd period - Deflect By Victor Bartley.
9:57 of 3rd period - Shot Misses the Net.
9:57 of 3rd period - Puck is out of play.
9:58 of 3rd period - Cody Eakin wins face-off versus Nick Bjugstad in Harfangs zone.
9:58 of 3rd period - Cody Eakin is hit by Brandon Prust.
10:14 of 3rd period - Slapshot by Carl Gunnarsson.
10:14 of 3rd period - Shot Misses the Net.
10:34 of 3rd period - Snap shot by Michal Repik.
10:34 of 3rd period - Deflect By Christian Thomas.
10:34 of 3rd period - Shot Misses the Net.
10:34 of 3rd period - Puck is out of play.
10:35 of 3rd period - Calle Jarnkrok wins face-off versus Nick Bjugstad in Harfangs zone.
10:37 of 3rd period - Minor Penalty to Dylan Olsen for Tripping.
10:38 of 3rd period - Tim Schaller wins face-off versus Cody Eakin in Harfangs zone.
10:52 of 3rd period - Wrist shot by Tim Schaller.
10:52 of 3rd period - Shot Blocked by Jimmy Hayes.
10:54 of 3rd period - Slapshot by Mark Fraser.
10:54 of 3rd period - Shot Blocked by Rinat Valiev.
11:11 of 3rd period - Icing by Nick Bjugstad.
11:12 of 3rd period - Jordan Caron wins face-off versus Tomas Kubalik in Diables zone.
12:37 of 3rd period - Penalty to Dylan Olsen is over, Dylan Olsen is back on ice.
13:05 of 3rd period - Morgan Klimchuk is hit by Brandon Burlon and loses puck.
13:31 of 3rd period - Jamie Oleksiak is hit by Brandon Saad and loses puck.
13:55 of 3rd period - Snap shot by Taylor Beck.
13:55 of 3rd period - Shot Misses the Net.
14:27 of 3rd period - Christian Thomas is hit by Zac Leslie and loses puck.
14:40 of 3rd period - Dylan Olsen is hit by Michal Repik and loses puck.
14:49 of 3rd period - Michal Repik is hit by Brandon Saad and loses puck.
15:20 of 3rd period - Slapshot by Victor Bartley.
15:20 of 3rd period - Shot Misses the Net.
15:22 of 3rd period - Slapshot by Dylan Olsen.
15:22 of 3rd period - Stopped by Malcolm Subban with a rebound.
15:24 of 3rd period - Snap shot by Andreas Martinsen.
15:24 of 3rd period - Deflect By Jimmy Hayes.
15:24 of 3rd period - Shot Misses the Net.
15:24 of 3rd period - Puck is out of play.
15:25 of 3rd period - Calle Jarnkrok wins face-off versus Nick Bjugstad in Diables zone.
15:30 of 3rd period - Snap shot by Brandon Saad.
15:30 of 3rd period - Shot Blocked by Pavel Valentenko.
15:36 of 3rd period - Wrist shot by Calle Jarnkrok.
15:36 of 3rd period - Stopped by Malcolm Subban with a rebound.
15:38 of 3rd period - Snap shot by Calle Jarnkrok.
15:38 of 3rd period - Stopped by Malcolm Subban without a rebound.
15:39 of 3rd period - Nick Bjugstad wins face-off versus Cody Eakin in Diables zone.
15:50 of 3rd period - Wrist shot by Nick Bjugstad.
15:50 of 3rd period - Stopped by Zachary Fucale without a rebound.
15:51 of 3rd period - Cody Eakin wins face-off versus Nick Bjugstad in Harfangs zone.
16:07 of 3rd period - Slapshot by Brandon Burlon.
16:07 of 3rd period - Shot Misses the Net.
16:51 of 3rd period - Snap shot by Calle Jarnkrok.
16:51 of 3rd period - Shot Misses the Net.
16:53 of 3rd period - Minor Penalty to Pavel Valentenko for Holding.
16:54 of 3rd period - Calle Jarnkrok wins face-off versus Craig Smith in Diables zone.
17:01 of 3rd period - Snap shot by Tomas Kubalik.
17:01 of 3rd period - Stopped by Malcolm Subban with a rebound.
17:03 of 3rd period - Minor Penalty to Brandon Prust for Interference.
17:04 of 3rd period - Craig Smith wins face-off versus Cody Eakin in Diables zone.
17:04 of 3rd period - Craig Smith is hit by Cody Eakin.
17:16 of 3rd period - Wrist shot by Dylan Olsen.
17:16 of 3rd period - Stopped by Malcolm Subban with a rebound.
17:18 of 3rd period - Snap shot by Andreas Martinsen.
17:18 of 3rd period - Shot Misses the Net.
17:20 of 3rd period - Snap shot by Andreas Martinsen.
17:20 of 3rd period - Shot Blocked by Craig Smith.
17:30 of 3rd period - Mark Fraser is hit by Victor Bartley and loses puck.
17:45 of 3rd period - Slapshot by Carl Gunnarsson.
17:45 of 3rd period - Stopped by Zachary Fucale without a rebound.
17:46 of 3rd period - Cody Eakin wins face-off versus Craig Smith in Harfangs zone.
18:12 of 3rd period - Jake Dotchin is hit by Mark Fraser and loses puck.
18:53 of 3rd period - Penalty to Pavel Valentenko is over, Pavel Valentenko is back on ice.
19:03 of 3rd period - Penalty to Brandon Prust is over, Brandon Prust is back on ice.
19:58 of 3rd period - Elias Lindholm is hit by Zac Leslie and loses puck.
Goals for this period are 0 for Harfangs vs 1 for Diables.
Shots for this period are 6 for Harfangs vs 7 for Diables.
Back to the Top